 Dungeon Crawl Stone Soup version 0.26.1-11-gd32895ea62 (webtiles) character file.

Game seed: 6424995649716037266

31 nightchill the Poker (level 3, 5/28 HPs)
             Began as a Merfolk Gladiator on Apr 28, 2021.
             Quit the game on level 1 of the Dungeon.
             The game lasted 00:01:36 (975 turns).

nightchill the Poker (Merfolk Gladiator)             Turns: 975, Time: 00:01:37

Health: 5/28       AC:  9    Str: 14 (15) XL:     3   Next: 22%
Magic:  3/3        EV:  7    Int:  6 (7)  God:
Gold:   40         SH:  0    Dex: 13 (15) Spells: 2/2 levels left

rFire    + . .     SeeInvis .   a - +0 trident
rCold    + . .     Faith    .   (no shield)
rNeg     . . .     Spirit   .   f - +0 chain mail
rPois    .         Reflect  .   c - +0 helmet
rElec    .         Harm     .   g - scarf {rC+ rF+}
rCorr    .         Rampage  .   (no gloves)
Will     .....                  (no boots)
Stlth    ..........             (no amulet)
HPRegen  0.09/turn              (no ring)
MPRegen  0.08/turn              (no ring)

@: lethally poisoned (5 -> -3)
A: change form in water, swift swim, stealthy swim
a: no special abilities


You were on level 1 of the Dungeon.
You visited 1 branch of the dungeon, and saw 2 of its levels.

You collected 40 gold pieces.

Inventory:

Hand Weapons
 a - a +0 trident (weapon)
Missiles
 d - 3 throwing nets (quivered)
Armour
 b - a +0 leather armour
 c - a +0 helmet (worn)
 f - a +0 chain mail (worn)
 g - a scarf of resistance (worn)
Scrolls
 e - a scroll of enchant weapon {unknown}
 h - 2 scrolls of teleportation {unknown}
 i - a scroll of identify {unknown}
 k - 2 scrolls of remove curse {unknown}


   Skills:
 + Level 2.8 Fighting
 * Level 5.7 Polearms
 - Level 2.0 Throwing
 - Level 4.0 Dodging


You had 2 spell levels left.
You didn't know any spells.
Your spell library was empty.

Dungeon Overview and Level Annotations

Branches:
Dungeon (2/15)

Altars:


Message History

* * * LOW HITPOINT WARNING * * *
You feel sick.
You have reached level 3!
Your experience leads to an increase in your attributes!
Increase (s)trength, (i)ntelligence, or (d)exterity?
You feel stronger.
There is a lethal amount of poison in your body!
It was a potion of degeneration.
There was something very wrong with that liquid.
You feel weakened.
You feel dopey.
You feel clumsy.
* * * LOW HITPOINT WARNING * * *
You feel sick.
There is a lethal amount of poison in your body!
There is a lethal amount of poison in your body!
There is a lethal amount of poison in your body!
* * * LOW HITPOINT WARNING * * *
You feel sick.
* * * LOW HITPOINT WARNING * * *
You feel sick.
Are you sure you want to abandon this character and quit the game? (Confirm with "yes".)

.....##.............# ######.##..
.....##.............###.........#
..#####.............##..≈≈≈≈≈≈≈..
...# #..............#..≈≈.....≈≈.
...# #................≈≈.......≈≈
...# #...............≈≈..8.<..♣.≈
...# #........#.†....≈........8..
...###......).#......≈...........
..............#.@....≈≈.........≈
..............#..>....≈≈..8....≈≈
..............#.....#..≈≈♣....≈≈.
..............########..≈≈≈.≈≈≈..
####..............# #...........
..##..............# ##...........
..##..............# #...........#
..##..............# ##...........
...#).............# ###.........


There were no monsters in sight!

Vanquished Creatures
  An adder (D:1)
  A dart slug (D:1)
  4 leopard geckos
  A goblin (D:1)
  A hobgoblin (D:1)
  2 kobolds (D:1)
  5 bats (D:1)
  A frilled lizard (D:1)
  2 rats (D:1)
18 creatures vanquished.

Notes
Turn   | Place    | Note
-------+----------+-------------------------------------------
     0 | D:1      | nightchill the Merfolk Gladiator began the quest for the
                  | Orb.
     0 | D:1      | Reached XP level 1. HP: 16/16 MP: 1/1
   261 | D:1      | Reached skill level 5 in Polearms
   261 | D:1      | Reached XP level 2. HP: 11/23 MP: 2/2
   972 | D:1      | Reached XP level 3. HP: 8/28 MP: 3/3
   975 | D:1      | Quit the game

Illustrated notes

Levels and vault maps discovered:
D:1:      moated_graveyard_arrival, layout_basic
D:2:      layout_basic, xom_redecorated, gammafunk_temple_overflow_pools,
          old_standard_altar, grunt_qazlal_clouds

Skill      XL: |  1 |
---------------+----+-----
Polearms       | 5 |  5.7
Fighting       | |  2.8
Throwing       | |  2.0
Dodging        | |  4.0

Action                   || total
-------------------------++-------
Melee: Trident           ||    65
  Use: Potion            ||     1
Armor: Chain mail        ||    30
       Leather armour    ||     2
Dodge: Dodged            ||    29
